 Dungeon Crawl Stone Soup version 0.31-a0-358-gac0dbeb3ab (webtiles) character file.

Game seed: 16871727517943578749

2274 mopl the Insei (level 9, 0/61 HPs)
             Began as an Octopode Brigand on July 24, 2023.
             Was a Priest of Qazlal.
             Slain by a yak (18 damage)
             ... on level 6 of the Dungeon on July 25, 2023.
             The game lasted 00:09:13 (5455 turns).

mopl the Insei (Octopode Brigand)                   Turns: 5455, Time: 00:09:14

Health: 0/61       AC:  1    Str: 10    XL:     9   Next: 39%
Magic:  12/12      EV: 13    Int: 13    God:    Qazlal [***...]
Gold:   107        SH: 13    Dex: 18    Spells: 8/8 levels left

rFire   . .          .
                       - Unarmed
rCold   . . .        g - +0 kite shield
rNeg    . . .        (helmet restricted)
rPois   +            (no amulet)
rElec   .            q - ring of resist corrosion
rCorr   +            y - ring of poison resistance
SInv    .            (no ring)
Will    .....        (no ring)
Stlth   +++          (no ring)
HPRegen 0.30/turn    (no ring)
MPRegen 0.13/turn    (no ring)
                     (no ring)

%: no passive effects
@: no status effects
A: almost no armour, amphibious, 8 rings, camouflage 1, gelatinous body 1,
(nimble swimmer 1), tentacles
a: Renounce Religion, Upheaval, Elemental Force


You were on level 6 of the Dungeon.
You worshipped Qazlal.
Qazlal was most pleased with you.
You visited 1 branch of the dungeon, and saw 6 of its levels.

You collected 276 gold pieces.
You spent 169 gold pieces at shops.

Inventory:

Hand Weapons
 a - a +2 dagger
Missiles
 b - 25 poisoned darts (quivered)
 c - 4 curare-tipped darts
 f - 11 javelins
 w - a throwing net
Armour
 g - a +0 kite shield (worn)
Jewellery
 q - a ring of resist corrosion (left tentacle)
 y - a ring of poison resistance (right tentacle)
Talismans
 d - a blade talisman
 C - a maw talisman
 E - a dragon-blood talisman
Wands
 o - a wand of flame (12)
 p - a wand of mindburst (24)
 A - a wand of iceblast (15)
 F - a wand of polymorph (11)
Scrolls
 e - 2 scrolls of revelation {unknown}
 j - 7 scrolls of identify {unknown}
 k - a scroll of amnesia {unknown}
 l - a scroll of vulnerability {unknown}
 m - 2 scrolls of enchant armour {unknown}
 n - 2 scrolls of teleportation {unknown}
 r - a scroll of enchant weapon {unknown}
 t - a scroll of fog {unknown}
 u - a scroll of poison {unknown}
 v - a scroll of immolation {unknown}
 D - a scroll of noise {unknown}
Potions
 h - 3 potions of curing
 i - 3 potions of ambrosia {unknown}
 s - a potion of haste {unknown}
 x - 2 potions of might
 z - 3 potions of heal wounds
 B - a potion of berserk rage {unknown}


   Skills:
 + Level 5.1 Fighting
 - Level 2.1 Short Blades
 - Level 2.0 Throwing
 + Level 4.6 Dodging
 - Level 5.5 Stealth
 * Level 6.3 Unarmed Combat
 + Level 4.5 Invocations
 * Level 5.2 Shapeshifting


You had 8 spell levels left.
You didn't know any spells.
Your spell library contained the following spells:

 Spells                   Type           Power      Damage    Failure   Level
 Shock                    Conj/Air       0%         1d3       86%         1
 Lesser Beckoning         Tloc           0%         N/A       95%         2
 Scorch                   Fire           0%         2d5       95%         2
 Gell's Gravitas          Tloc           0%         N/A       99%         3
 Inner Flame              Hex/Fire       0%         N/A       99%         3
 Swiftness                Air            0%         N/A       99%         3
 Teleport Other           Tloc           0%         N/A       99%         3
 Airstrike                Air            0%         2d(0-16)  100%        4
 Flame Wave               Conj/Fire      0%         2d4       100%        4
 Sticky Flame             Conj/Fire      0%         2d3       100%        4
 Starburst                Conj/Fire      0%         6d3       100%        6
 Summon Cactus Giant      Summ           0%         N/A       100%        6
 Polar Vortex             Ice            0%         N/A       100%        9


Dungeon Overview and Level Annotations

Branches:
Dungeon (6/15)
 Temple: D:4-7

Altars:
Nemelex Xobeh
Qazlal

Shops:
D:3 !   D:4 (([(   D:5 *


Innate Abilities, Weirdness & Mutations

You cannot wear most types of armour.
You are amphibious.
You can wear up to eight rings at the same time.
Your skin changes colour to match your surroundings (Stealth+).
Your rubbery body absorbs attacks. (AC +1, EV +1)
((You are camouflaged when in or above water. (Stealth+)))
You have tentacles for arms and can constrict up to eight enemies at once.


Message History

The shadow is severely damaged.
The shadow hits you.
You tentacle-slap the shadow.
The shadow is severely damaged.
The shadow closely misses you. x2
You bludgeon the shadow!
You destroy the shadow!
Qazlal accepts your kill.
You tentacle-slap the yak.
The yak is lightly wounded.
You block the yak's attack.
You tentacle-slap the yak but do no damage.
The yak is lightly wounded.
The yak gores you!
You barely miss the yak. Your squeeze misses the yak.
The yak is lightly wounded.
You block the yak's attack.
You completely miss the yak.
The yak is lightly wounded.
You block the yak's attack.
You tentacle-slap the yak but do no damage.
The yak is lightly wounded.
You block the yak's attack.
You tentacle-slap the yak.
The yak is lightly wounded.
The yak closely misses you. You block the yak's attack.
You barely miss the yak. You tentacle-slap the yak. You squeeze the yak!
The yak is heavily wounded.
The yak gores you.
* * * LOW HITPOINT WARNING * * *
You tentacle-slap the yak but do no damage.
The yak is heavily wounded.
The yak barely misses you.
You barely miss the yak. Your squeeze misses the yak.
The yak is heavily wounded.
You block the yak's attack.
You closely miss the yak. You squeeze the yak.
The yak is heavily wounded.
The yak gores you!!
You die...

#.#.......# #.#.####..........
####.#####.#####.#.# ####.#.#.##
.....# #.......#.# #.#.#.#
################.#.# #.#.#.##
#...#))..........#.#######.#.#...
#.#.#)##########.................
#.#..).........#.#...#####.#.####
....#.#######.##.#.#.......#.....
#.#.#.# #.##@#.##..##########
..#.#.#######.##Y#............#
#.#.#.#.....................#.#
.<#.#.#.######''#######.###.#.#
....#.# ##≈≈≈..§§§## #.###.#.#
....... #≈≈§≈..≈§§≈###...#.#.#
##### #≈§≈≈≈.§≈§§≈≈####.#.#.#
§≈§≈§§§§≈§§≈≈≈# #.#.#.#
§≈≈≈§§..≈§≈§≈≈≈ #.#.#.#


You could see a yak.

Vanquished Creatures
  Grinder (D:3)
  A shadow (D:6)
  4 yaks (D:4)
  A water moccasin (D:6)
  A black bear (D:4)
  An ogre (D:4)
  A centaur (D:5)
  A kobold brigand (D:6)
  Blork the orc (D:5)
  A scorpion (D:5)
  3 hounds
  An orc priest (D:6)
  4 jellies
  Terence (D:2)
  Jessica (D:2)
  A sleepcap (D:6)
  Natasha (thrice) (D:3)
  4 iguanas
  An orc wizard (D:6)
  Robin (D:2)
  8 adders
  10 gnolls
  A white imp (D:5)
  4 dart slugs
  15 orcs
  7 bats
  7 endoplasms
  2 giant cockroaches (D:1)
  8 hobgoblins
  A quokka (D:1)
  5 ball pythons
  2 frilled lizards (D:3)
  12 goblins
  12 kobolds
  4 rats
  A spectral kobold (D:1)
132 creatures vanquished.

Notes
Turn   | Place    | Note
-------+----------+-------------------------------------------
     0 | D:1      | mopl the Octopode Brigand began the quest for the Orb.
     0 | D:1      | Reached XP level 1. HP: 14/14 MP: 1/1
     6 | D:1      | Noticed a frost giant
     6 | D:1      | Noticed a servant of whispers
     6 | D:1      | Noticed a tyrant leech
     6 | D:1      | Noticed a komodo dragon
   189 | D:1      | Reached XP level 2. HP: 15/19 MP: 2/2
   189 | D:1      | Upgraded the game from 0.31-a0-355-g57cb03d3e8 to
                  | 0.31-a0-358-gac0dbeb3ab
   295 | D:1      | Found a faded altar of an unknown god.
   344 | D:1      | Prayed at the altar of an unknown god.
   344 | D:1      | Became a worshipper of Qazlal Stormbringer
   344 | D:1      | Reached * piety under Qazlal
   685 | D:1      | Reached XP level 3. HP: 24/24 MP: 3/3
   806 | D:2      | Noticed Jessica
   813 | D:2      | Killed Jessica
   814 | D:2      | Reached skill level 1 in Unarmed Combat
   814 | D:2      | Reached skill level 1 in Shapeshifting
   969 | D:2      | Noticed Terence
   976 | D:2      | Killed Terence
   977 | D:2      | Reached skill level 1 in Invocations
   977 | D:2      | Reached XP level 4. HP: 15/30 MP: 4/4
  1298 | D:2      | Noticed Robin
  1300 | D:2      | Reached ** piety under Qazlal
  1311 | D:2      | Killed Robin
  1535 | D:2      | Reached XP level 5. HP: 35/35 MP: 5/5
  1700 | D:3      | Found Ekhiech's Distillery.
  1723 | D:3      | Reached skill level 2 in Dodging
  1723 | D:3      | Reached skill level 2 in Unarmed Combat
  1724 | D:3      | Bought a potion of curing for 39 gold pieces
  1724 | D:3      | Bought a potion of degeneration for 13 gold pieces
  1896 | D:3      | Reached skill level 2 in Shapeshifting
  2006 | D:3      | Noticed Grinder
  2029 | D:3      | Killed Grinder
  2030 | D:3      | Reached skill level 3 in Fighting
  2030 | D:3      | Reached skill level 3 in Unarmed Combat
  2030 | D:3      | Reached skill level 2 in Invocations
  2030 | D:3      | Reached XP level 6. HP: 23/42 MP: 7/7
  2105 | D:3      | Found a sparkling altar of Nemelex Xobeh.
  2126 | D:3      | Noticed Natasha
  2132 | D:3      | Killed Natasha
  2231 | D:3      | Got the Octavo of Ignition and the Blizzard
  2528 | D:3      | Noticed Natasha
  2532 | D:3      | Killed Natasha
  2533 | D:3      | Reached XP level 7. HP: 37/46 MP: 8/8
  2546 | D:3      | Noticed Natasha
  2551 | D:3      | Killed Natasha
  2671 | D:4      | Found Nuemasuh's Antique Armour Boutique.
  2792 | D:4      | Reached skill level 3 in Shapeshifting
  2796 | D:4      | Found Olijef's Weapon Boutique.
  2865 | D:4      | Found Laomin's Weapon Shop.
  2903 | D:4      | Noticed a yak
  2903 | D:4      | Noticed a yak
  2904 | D:4      | Noticed a yak
  2906 | D:4      | Noticed a yak
  3222 | D:4      | Killed a yak
  3223 | D:4      | Reached skill level 3 in Dodging
  3223 | D:4      | Reached skill level 4 in Unarmed Combat
  3494 | D:4      | Killed a yak
  3494 | D:4      | Reached *** piety under Qazlal
  3495 | D:4      | Reached skill level 3 in Invocations
  3495 | D:4      | Reached XP level 8. HP: 54/54 MP: 10/10
  3495 | D:4      | Killed a yak
  3496 | D:4      | Reached skill level 4 in Fighting
  3509 | D:4      | Killed a yak
  3510 | D:4      | Reached skill level 4 in Shapeshifting
  3570 | D:4      | Reached skill level 5 in Unarmed Combat
  3803 | D:4      | Found Beguf's Antique Weapon Shop.
  4066 | D:5      | Entered Level 5 of the Dungeon
  4108 | D:3      | Bought a potion of might for 52 gold pieces
  4311 | D:3      | Bought a potion of heal wounds for 65 gold pieces
  4339 | D:5      | Reached skill level 4 in Dodging
  4476 | D:5      | Reached skill level 4 in Invocations
  4613 | D:5      | Noticed Blork the orc
  4619 | D:5      | Killed Blork the orc
  4620 | D:5      | Reached XP level 9. HP: 42/59 MP: 12/12
  4652 | D:5      | Found Wycop's General Store.
  4920 | D:6      | Reached skill level 6 in Unarmed Combat
  4920 | D:6      | Reached skill level 5 in Shapeshifting
  5195 | D:6      | Reached skill level 5 in Fighting
  5346 | D:6      | Found a stormy altar of Qazlal.
  5455 | D:6      | Slain by a yak

Illustrated notes

Levels and vault maps discovered:
D:1:      onia_arrival_zoo_common, layout_basic,
          dreamdust_ecumenical_altar_drowned_temple
D:2:      layout_basic, uniq_robin, uniq_terence, uniq_jessica
D:3:      layout_loops_ring, nemelex_spade_bored_becter, serial_shops, shop,
          uniq_natasha, uniq_grinder
D:4:      layout_cave_pools, serial_bayou, serial_bayou_lake_a,
          serial_bayou_ford_a, serial_bayou_shore_a, serial_bayou_shore_b,
          serial_bayou_pond_e, serial_shops, nicolae_shop_tiny_statue_garden,
          nicolae_lakefront_shop, shop, shop, hangedman_decor_diamond_cutter
D:5:      layout_cave_pools, serial_shops, shop, uniq_blork_the_orc
D:6:      kennysheep_big_flooded_room, layout_basic, grunt_qazlal_clouds

Skill      XL: |  1  2  3  4  5  6  7  8  9 |
---------------+----------------------------+-----
Unarmed Combat | 1 3 4 5 6 |  6.3
Shapeshifting  | 1 2 3 4 5 |  5.2
Invocations    | 1 2 3 4 |  4.5
Dodging        | 2 3 4 |  4.6
Fighting       | 3 4 5 |  5.1
Short Blades   | |  2.1
Throwing       | |  2.0
Stealth        | |  5.5

Action                     |  1- 3 |  4- 6 |  7- 9 || total
---------------------------+-------+-------+-------++-------
  Melee: Dagger            |    59 |   105 |    34 ||   198
         Tentacles         |    12 |    24 |    56 ||    92
         Constrict         |    15 |    34 |    39 ||    88
         Punch             |       |     3 |     8 ||    11
         Unarmed           |       |       |   159 ||   159
  Throw: Dart              |       |       |    17 ||    17
  Evoke: Wand              |       |       |    13 ||    13
   Stab: Sleeping          |     5 |       |       ||     5
 Armour: Skin              |     8 |     4 |     3 ||    15
  Dodge: Dodged            |    37 |    38 |    72 ||   147
  Block: Kite shield       |     6 |    51 |    98 ||   155
         Other             |     2 |       |       ||     2

Table legend: (Time is in decaauts)
 A = Elapsed time spent in this place.
 B = Non-inter-level travel time spent in this place.
 C = Inter-level travel time spent in this place.
 D = Time resting spent in this place.
 E = Time spent auto-exploring this place.
 F = Levels seen in this place.
 G = Mean time per level.
                   A        B        C        D        E       F      G
               +--------+--------+--------+--------+--------+-----+--------+
         Total |   5509 |   5264 |    245 |    937 |   2793 |   6 |  918.2 |
       Dungeon |   5509 |   5264 |    245 |    937 |   2793 |   6 |  918.2 |
               +--------+--------+--------+--------+--------+-----+--------+

Top non-repeatable levels by time:
     D:4: 1588 daAuts
     D:2: 999 daAuts
     D:3: 807 daAuts
     D:1: 804 daAuts
     D:6: 675 daAuts
     D:5: 634 daAuts
